 Dungeon Crawl Stone Soup version 0.20.1-1-g8b1a95d (webtiles) character file.

3852 beigtais the Cleaver (level 9, -3/79 HPs)
             Began as a Minotaur Fighter on Sept 25, 2017.
             Was a Believer of Trog.
             Slain by a two-headed ogre
             ... wielding a +0 giant club
              (24 damage)
             ... on level 7 of the Dungeon.
             The game lasted 00:54:35 (8376 turns).

beigtais the Cleaver (Minotaur Fighter)             Turns: 8376, Time: 00:54:36

Health: -3/79      AC: 13    Str: 22    XL:     9   Next: 99%
Magic:  8/8        EV:  9    Int:  5    God:    Trog [**....]
Gold:   247        SH: 11    Dex: 12    Spells: 8/8 levels left

rFire    + . .     SeeInvis .   y - +0 war axe (curse)
rCold    + . .     Gourm    .   q - +0 shield (curse)
rNeg     . . .     Faith    .   C - +0 chain mail
rPois    .         Spirit   .   (helmet restricted)
rElec    .         Reflect  .   E - scarf {rC+ rF+}
rCorr    .         Harm     .   H - +0 pair of gloves
MR       .....                  z - +0 pair of boots
Stlth    ..........             (no amulet)
Regen    0.3/turn               F - ring of flight
MPRegen  0.2/turn               (no ring)

@: no status effects
A: retaliatory headbutt, horns 2
a: Berserk, Trog's Hand, Burn Spellbooks, Renounce Religion, Evoke Flight


You were on level 7 of the Dungeon.
You worshipped Trog.
Trog was pleased with you.
You were not hungry.

You visited 2 branches of the dungeon, and saw 9 of its levels.
You also visited: Sewer.

You collected 434 gold pieces.
You spent 187 gold pieces at shops.

Inventory:

Hand Weapons
 a - a +3 war axe
 o - a +0 broad axe
 s - a +0 blowgun
 y - a cursed +0 war axe (weapon)
 D - a +0 war axe
Missiles
 e - 322 stones (quivered)
 l - 80 arrows
 t - 68 poisoned needles
 v - 47 bolts
Armour
 c - a +2 shield
 q - a cursed +0 shield (worn)
 z - a +0 pair of boots (worn)
 C - a +0 chain mail (worn)
 E - a scarf of resistance (worn)
 H - a +0 pair of gloves (worn)
Jewellery
 F - a ring of flight (left hand)
Wands
 h - a wand of random effects (15/48)
 B - a wand of scattershot (2/9)
Scrolls
 k - 3 scrolls of teleportation
 m - 2 scrolls of recharging
 p - 5 scrolls of identify
 x - a scroll of remove curse
 A - 2 scrolls of fog
Potions
 d - a potion of mutation {unknown}
 g - 4 potions of lignification
 n - 4 potions of curing
 r - 5 potions of brilliance
 w - a potion of ambrosia
 G - a potion of cancellation {unknown}
Comestibles
 f - 4 bread rations
 i - a meat ration
 j - 13 fruits
 u - 3 royal jellies


   Skills:
 * Level 7.1 Fighting
 * Level 9.7 Axes
 * Level 5.4 Throwing
 * Level 7.8 Armour
 * Level 4.7 Dodging
 + Level 0.1 Stealth
 * Level 7.8 Shields


You had 8 spell levels left.
You didn't know any spells.

Dungeon Overview and Level Annotations

Branches:
Dungeon (8/15)             Temple (1/1) D:5
   Lair: D:8-11

Altars:
Ashenzari
Cheibriados
Dithmenos
Elyvilon
Fedhas
Gozag
Hepliaklqana
Kikubaaqudgha
Makhleb
Nemelex Xobeh
Okawaru
Qazlal
Ru
Sif Muna
Trog
Uskayaw
Vehumet
Xom
Yredelemnul
Zin
The Shining One

Shops:
D:4 *


Innate Abilities, Weirdness & Mutations

You reflexively headbutt those who attack you in melee.
You have a pair of horns on your head.


Message History

You block the two-headed ogre's attack. The two-headed ogre closely misses you.
You hit the two-headed ogre.
The two-headed ogre is severely wounded.
You barely miss the two-headed ogre. You headbutt the two-headed ogre.
The two-headed ogre is severely wounded.
You block the two-headed ogre's attack.
The two-headed ogre hits you with a giant club!
You hit the two-headed ogre.
The two-headed ogre is almost dead.
You block the two-headed ogre's attack.
The two-headed ogre hits you with a giant club.
You barely miss the two-headed ogre.
You headbutt the two-headed ogre, but do no damage.
The two-headed ogre is almost dead.
The two-headed ogre hits you with a giant club!!
The two-headed ogre hits you with a giant club!
* * * LOW HITPOINT WARNING * * *
You feel better. You block the two-headed ogre's attack.
The two-headed ogre hits you with a giant club!!
You die...

#.# #.### #...# #.#.# #####
#.#.# ############...##
#.#.##### #.........##.#.##
#.#.....# #.........##.#.##
#.#####.####.........##.#.##
#.# #.....O@.........'.....'
#.# #.#.####.........##.#.##
#.###+#...[.............#...
#.#......###################
#.'......<#.......#....# #..
###..[....#.##..#.#.##.###.#
#..>......................
#......#####....#.##.....#
#......######.....#####..#


You could see a two-headed ogre.

Vanquished Creatures
  Joseph (D:8)
  The ghost of Feta the Shield-Bearer, an amateur FoFi (D:4)
  3 hippogriffs
  2 wyverns (D:8)
  A steam dragon (D:8)
  2 ice beasts
  3 orc warriors
  3 phantoms
  A crocodile (D:8)
  3 ogres
  A centaur (D:8)
  A bullfrog (D:6)
  3 howler monkeys
  2 crimson imps
  3 hounds
  A quasit (D:8)
  3 jellies
  5 orc priests
  A gnoll shaman (D:4)
  2 orc wizards (D:8)
  2 iguanas
  6 worker ants
  A killer bee zombie (D:8)
  A hound zombie (D:3)
  A worker ant zombie (D:3)
  5 adders
  14 gnolls
  A howler monkey skeleton (D:3)
  A shadow imp (D:6)
  An ooze (D:6)
  4 worms
  A dart slug (D:2)
  11 leopard geckos
  19 orcs
  3 ball pythons
  6 bats
  7 giant cockroaches
  2 gnoll zombies (D:3)
  5 goblins
  7 hobgoblins
  22 kobolds
  3 quokkas
  5 frilled lizards
  A leopard gecko skeleton (D:5)
  2 quokka skeletons (D:3)
  12 rats
185 creatures vanquished.

Notes
Turn   | Place    | Note
-------+----------+-------------------------------------------
     0 | D:1      | beigtais the Minotaur Fighter began the quest for the Orb.
     0 | D:1      | Reached XP level 1. HP: 19/19 MP: 0/0
     6 | D:1      | Noticed a swamp worm
     6 | D:1      | Noticed a wyvern
     7 | D:1      | Noticed an iguana
    39 | D:1      | Reached XP level 2. HP: 7/27 MP: 1/1
  1087 | D:2      | Reached XP level 3. HP: 29/33 MP: 2/2
  1612 | D:2      | Found a faded altar of an unknown god.
  1777 | D:2      | Reached XP level 4. HP: 35/40 MP: 3/3
  1811 | D:2      | Found a blossoming altar of Fedhas.
  2082 | D:3      | Reached skill level 3 in Axes
  2082 | D:3      | Reached skill level 1 in Dodging
  2087 | D:3      | Reached skill level 1 in Throwing
  2325 | D:3      | Reached XP level 5. HP: 46/46 MP: 4/4
  2565 | D:3      | Found a glowing drain.
  2606 | Sewer    | Entered a sewer
  2817 | Sewer    | Reached skill level 4 in Axes
  3306 | D:3      | Found a basalt altar of Yredelemnul.
  3392 | D:4      | Found Xyal's Assorted Antiques.
  3456 | D:4      | Bought a scroll of enchant armour for 187 gold pieces
  3551 | D:4      | Reached XP level 6. HP: 53/53 MP: 5/5
  3629 | D:4      | Noticed Feta's ghost (amateur FoFi)
  3726 | D:4      | Killed Feta's ghost
  3726 | D:4      | Reached skill level 5 in Axes
  3726 | D:4      | Reached skill level 5 in Armour
  3726 | D:4      | Reached skill level 5 in Shields
  3726 | D:4      | Reached XP level 7. HP: 45/60 MP: 6/6
  3839 | D:4      | Reached skill level 6 in Axes
  4239 | D:5      | Entered Level 5 of the Dungeon
  4324 | D:5      | Reached skill level 5 in Fighting
  4324 | D:5      | Reached XP level 8. HP: 47/68 MP: 7/7
  4679 | D:5      | Reached skill level 7 in Axes
  4809 | D:5      | Found a staircase to the Ecumenical Temple.
  4833 | Temple   | Entered the Ecumenical Temple
  5039 | Temple   | Became a worshipper of Trog the Wrathful
  5321 | D:6      | Found a white marble altar of Elyvilon.
  5323 | D:6      | Found a snail-covered altar of Cheibriados.
  5325 | D:6      | Found a radiant altar of Vehumet.
  5325 | D:6      | Found a shattered altar of Ashenzari.
  5325 | D:6      | Found a hide-covered altar of Uskayaw.
  5325 | D:6      | Found a deep blue altar of Sif Muna.
  5872 | D:7      | Noticed a hippogriff
  5880 | D:7      | Killed a hippogriff
  5963 | D:7      | Got a fine leather armour
  6044 | D:7      | Identified the cursed +0 leather armour of Tartarus {Int+4} (You found it on level 7 of the Dungeon)
  6089 | D:7      | Reached skill level 8 in Axes
  6440 | D:8      | Reached * piety under Trog
  6440 | D:8      | Reached XP level 9. HP: 72/75 MP: 8/8
  6627 | D:8      | Noticed Joseph
  6642 | D:8      | Killed Joseph
  6942 | D:8      | Identified a scroll of acquirement
  6981 | D:8      | Found a burning altar of Makhleb.
  7039 | D:8      | Reached skill level 5 in Throwing
  7258 | D:8      | Noticed a two-headed ogre
  7264 | D:8      | Reached skill level 9 in Axes
  7537 | D:8      | Noticed a two-headed ogre
  8004 | D:8      | Reached ** piety under Trog
  8376 | D:7      | Slain by a two-headed ogre

Skill      XL: |  1  2  3  4  5  6  7  8  9 |
---------------+----------------------------+-----
Fighting       | 4 5 7 |  7.1
Shields        | 4 5 6 7 |  7.8
Armour         | 4 5 6 7 |  7.8
Axes           | 3 4 5 6 8 9 |  9.7
Dodging        | 1 2 3 4 |  4.7
Throwing       | 1 2 3 4 5 |  5.4
Stealth        | |  0.1

Action                   |  1- 3 |  4- 6 |  7- 9 || total
-------------------------+-------+-------+-------++-------
Melee: War axe           |    66 |   136 |   277 ||   479
       Headbutt          |     5 |    16 |    57 ||    78
Throw: Stone             |    36 |    86 |    17 ||   139
       Tomahawk          |       |     7 |    76 ||    83
Invok: Berserk           |       |       |     1 ||     1
  Use: Scroll            |     8 |     4 |     9 ||    21
       Potion            |     3 |     5 |     6 ||    14
  Eat: Chunk             |     3 |     6 |    14 ||    23
       Fruit             |       |       |     2 ||     2
Armor: Scale mail        |    17 |    48 |    92 ||   157
       Chain mail        |       |       |     2 ||     2
Dodge: Dodged            |    19 |    41 |    90 ||   150
Block: Shield            |    29 |    64 |   204 ||   297
